 Dungeon Crawl Stone Soup version 0.23.2-33-g5129a83184 (webtiles) character file.

Game seed: 10317903854002127977

429 Atelerd the Conjurer (level 6, -2/36 HPs)
             Began as an Octopode Wizard on July 16, 2019.
             Splashed by a hobgoblin's acid (9 damage)
             ... on level 4 of the Dungeon.
             The game lasted 00:06:46 (3494 turns).

Atelerd the Conjurer (Octopode Wizard)              Turns: 3494, Time: 00:06:46

Health: -2/36      AC: -3    Str:  9    XL:     6   Next: 98%
Magic:  14/22      EV: 13    Int: 24    God:
Gold:   167        SH:  0    Dex:  8    Spells: 5/14 levels left

rFire    . . .     SeeInvis .   h - +2 dagger (pain)
rCold    . . .     Gourm    .   (no shield)
rNeg     . . .     Faith    .   a - +0 hat
rPois    +         Spirit   .   (no amulet)
rElec    .         Reflect  .   s - ring of magical power
rCorr    .         Harm     .   t - ring of poison resistance
MR       .....                  u - ring of attention (curse)
Stlth    ++........             (no ring)
HPRegen  0.12/turn              (no ring)
MPRegen  0.18/turn              (no ring)
                                (no ring)
                                (no ring)

@: corroded, very slightly contaminated
A: almost no armour, stealthy swim, amphibious, 8 rings, constrict 8, tentacle
spike 1, camouflage 1, clever 1, clumsy 1, strong 1, gelatinous body 1
a: no special abilities


You were on level 4 of the Dungeon.
You were not hungry.

You visited 1 branch of the dungeon, and saw 6 of its levels.

You collected 167 gold pieces.

Inventory:

Hand Weapons
 b - a +0 spear
 h - a +2 dagger of pain (weapon)
 n - a +3 hunting sling
Missiles
 m - 135 stones (quivered)
Armour
 a - a +0 hat (worn)
Jewellery
 g - an uncursed amulet of harm
 s - a ring of magical power (left tentacle)
 t - a ring of poison resistance (right tentacle)
 u - a cursed ring of attention (on tentacle)
Scrolls
 f - a scroll of fog {unknown}
 i - 3 scrolls of teleportation
 k - a scroll of enchant weapon {unknown}
 l - a scroll of blinking {unknown}
 q - a scroll of random uselessness {unknown}
 v - a scroll of remove curse {unknown}
 w - 2 scrolls of identify {unknown}
Potions
 d - 2 potions of degeneration {unknown}
 e - 2 potions of lignification {unknown}
 j - a potion of might {unknown}
 o - a potion of heal wounds
 p - 2 potions of curing {unknown}
 r - a potion of magic {unknown}
Comestibles
 c - 6 rations


   Skills:
 - Level 2.0 Dodging
 - Level 2.6 Stealth
 + Level 4.7 Spellcasting
 * Level 5.7 Conjurations
   Level 1.0 Summonings
 - Level 1.0 Translocations


You had 5 spell levels left.
You knew the following spells:

 Your Spells              Type           Power        Failure   Level  Hunger
a - Magic Dart            Conj           ####         1%          1    None
b - Mephitic Cloud        Conj/Pois/Air  ##......     13%         3    ##.....
c - Blink                 Tloc           N/A          9%          2    None
d - Conjure Flame         Conj/Fire      ###.....     9%          3    ##.....

Your spell library contained the following spells:

 Spells                   Type           Power        Failure   Level  Hunger
 Call Imp                 Summ           ##......     9%          2    None
 Slow                     Hex            #.......     14%         2    None


Dungeon Overview and Level Annotations

Branches:
Dungeon (6/15)
 Temple: D:4-7

Altars:
Nemelex Xobeh
Trog
Xom

Annotations:
D:1 exclusion: downstairs


Innate Abilities, Weirdness & Mutations

You cannot wear most types of armour.
You are very stealthy in the water. (Stealth+)
You are amphibious.
You can wear up to eight rings at the same time.
You can use your tentacles to constrict eight enemies at once.
Your skin changes colour to match your surroundings (Stealth+).
Your rubbery body absorbs attacks. (AC +1, EV +1)
One of your tentacles bears a spike.
Your mind is acute. (Int +2)
You are clumsy. (Dex -2)
Your muscles are strong. (Str +2)


Message History

Confirm with . or Enter, or press ? or * to list all spells.
Aiming: Magic Dart (safe; 1% risk of failure)
Press: ? - help, Shift-Dir - straight line, f/p - gnoll
Aim: a gnoll (lightly wounded)
The magic dart hits the gnoll.
The gnoll is heavily wounded.
The hobgoblin throws a stone.
The stone misses you.
The gnoll throws a stone.
The stone hits you.
Casting: Magic Dart (safe; 1% risk of failure)
Confirm with . or Enter, or press ? or * to list all spells.
Aiming: Magic Dart (safe; 1% risk of failure)
Press: ? - help, Shift-Dir - straight line, f/p - gnoll
Aim: a gnoll (heavily wounded)
The magic dart hits the gnoll but does no damage.
The gnoll is heavily wounded.
The gnoll throws a stone.
The stone hits you.
The hobgoblin zaps a wand.
The bolt of acid hits you!
* * * LOW HITPOINT WARNING * * *
The acid corrodes you!
You are splashed with acid!
You die...

#......g
#....(......
#......#
#.......##.# #...(#
#..........# ###g(#
#.......####
#.###(g# #.......#
## #....$.#
#.......# #.
#####(## #########
## ##(######### #
##.@........#
##.#.#.#####.#
#.##(........#
##.###..#.##.#
######
##.#...#.##.###.....
##.#......†....####
####.####†#####
#.####.# #......# #


You could see a gnoll and a hobgoblin.

Vanquished Creatures
  A phantom (D:4)
  An ogre (D:4)
  A hound (D:4)
  An iguana (D:4)
  3 worker ants
  A hound skeleton (D:4)
  Robin (D:2)
  3 adders
  An ooze (D:2)
  A worm (D:2)
  4 leopard geckos
  2 orcs
  2 bats
  A giant cockroach (D:2)
  21 goblins
  7 hobgoblins
  4 jackals (D:2)
  3 quokkas
  4 frilled lizards
  7 kobolds
  6 rats
75 creatures vanquished.

Notes
Turn   | Place    | Note
-------+----------+-------------------------------------------
     0 | D:1      | Atelerd the Octopode Wizard began the quest for the Orb.
     0 | D:1      | Reached XP level 1. HP: 11/11 MP: 4/4
   186 | D:1      | Reached XP level 2. HP: 10/17 MP: 6/6
   394 | D:1      | Reached skill level 2 in Conjurations
   659 | D:1      | Found a shimmering altar of Xom.
   864 | D:1      | Reached XP level 3. HP: 21/21 MP: 7/7
   869 | D:1      | Learned a level 3 spell: Mephitic Cloud
   872 | D:1      | Learned a level 2 spell: Blink
  1058 | D:2      | Noticed Robin
  1632 | D:2      | HP: 1/21 [jackal (1)]
  1633 | D:2      | Gained mutation: You are clumsy. (Dex -2) [potion of
                  | mutation]
  1633 | D:2      | Gained mutation: Your mind is acute. (Int +2) [potion of
                  | mutation]
  1633 | D:2      | Gained mutation: Your muscles are strong. (Str +2) [potion
                  | of mutation]
  1633 | D:2      | Gained mutation: One of your tentacles bears a spike.
                  | [potion of mutation]
  1704 | D:2      | Reached skill level 3 in Conjurations
  1928 | D:2      | Reached XP level 4. HP: 27/27 MP: 9/9
  2145 | D:2      | Killed Robin
  2415 | D:2      | Found a sparkling altar of Nemelex Xobeh.
  2748 | D:3      | You fall through a shaft for 3 floors!
  2791 | D:5      | Entered Level 5 of the Dungeon
  2803 | D:5      | Reached XP level 5. HP: 18/31 MP: 10/10
  2822 | D:5      | Reached skill level 4 in Conjurations
  2968 | D:4      | Noticed an ogre
  2970 | D:4      | Noticed a phantom
  2976 | D:4      | Found a bloodstained altar of Trog.
  2989 | D:4      | Learned a level 3 spell: Conjure Flame
  3146 | D:4      | Killed an ogre
  3146 | D:4      | Reached skill level 5 in Conjurations
  3146 | D:4      | Reached XP level 6. HP: 21/36 MP: 6/12
  3217 | D:4      | Killed a phantom
  3494 | D:4      | Splashed by a hobgoblin's acid

Skill      XL: |  1  2  3  4  5 |
---------------+----------------+-----
Conjurations   | 2 3 5 |  5.7
Spellcasting   | 4 |  4.7
Dodging        | |  2.0
Stealth        | |  2.6
Summonings     | |  1.0
Translocations | |  1.0

Action                   |  1- 3 |  4- 6 || total
-------------------------+-------+-------++-------
Melee: Spear             |    13 |       ||    13
       Tentacles         |    15 |     6 ||    21
       Constrict         |    19 |    11 ||    30
       Dagger            |    55 |    49 ||   104
       Kick              |     3 |     9 ||    12
 Fire: Hunting sling     |    18 |     6 ||    24
 Cast: Magic Dart        |    27 |    66 ||    93
       Mephitic Cloud    |     1 |    10 ||    11
       Conjure Flame     |       |     4 ||     4
       Blink             |       |     1 ||     1
  Use: Potion            |     3 |       ||     3
       Scroll            |     1 |       ||     1
 Stab: Sleeping          |     3 |     1 ||     4
       Confused          |       |     2 ||     2
  Eat: Chunk             |     3 |     3 ||     6
       Ration            |       |     1 ||     1
Armor: Skin              |     8 |     4 ||    12
Dodge: Dodged            |    48 |    41 ||    89
